 Dungeon Crawl Stone Soup version 0.30-a0-802-gb92711bcdf (webtiles) character file.

Game seed: 4419685976828334474

171 retardedninja the Shield-Bearer (level 5, -1/47 HPs)
             Began as a Gnoll Fighter on Feb 23, 2023.
             Slain by an orc priest
             ... wielding a +0 flail
              (6 damage)
             ... on level 3 of the Dungeon.
             The game lasted 00:03:13 (2157 turns).

retardedninja the Shield-Bearer (Gnoll Fighter)     Turns: 2157, Time: 00:03:14

Health: -1/47      AC:  7    Str: 17    XL:     5   Next: 51%
Magic:  7/7        EV:  9    Int:  7    God:
Gold:   229        SH:  0    Dex: 12    Spells: 7/7 levels left

rFire   . . .      SeeInvis .    a - +0 war axe
rCold   . . .      Faith    .    c - +0 buckler
rNeg    . . .      Spirit   .    b - +0 scale mail
rPois   .          Reflect  .    (no helmet)
rElec   .          Harm     .    (no cloak)
rCorr   .          Rampage  .    (no gloves)
Will    .....                    (no boots) Stlth
                                 (no amulet)
HPRegen 0.27/turn                (no ring)
MPRegen 0.10/turn                (no ring)

@: confused
A: fangs 1, strong nose, distributed training
a: no special abilities


You were on level 3 of the Dungeon.
You visited 1 branch of the dungeon, and saw 3 of its levels.

You collected 229 gold pieces.

Inventory:

Hand Weapons
 a - a +0 war axe (weapon)
Armour
 b - a +0 scale mail (worn)
 c - a +0 buckler (worn)
 q - a +2 helmet
Wands
 d - a wand of digging (7)
 p - a wand of flame (13)
Scrolls
 e - a scroll of identify {unknown}
 f - a scroll of butterflies {unknown}
 h - a scroll of immolation {unknown}
 i - a scroll of vulnerability {unknown}
 l - a scroll of magic mapping {unknown}
 m - a scroll of amnesia {unknown}
 n - a scroll of fear {unknown}
 o - 2 scrolls of fog {unknown}
Potions
 g - a potion of magic


   Skills:
 + Level 6.7 Fighting
 + Level 1.6 Short Blades
 + Level 1.6 Long Blades
 + Level 4.8 Axes
 + Level 1.6 Maces & Flails
 + Level 1.6 Polearms
 + Level 1.6 Staves
 + Level 1.6 Ranged Weapons
 + Level 1.6 Throwing
 + Level 6.7 Armour
 + Level 1.6 Dodging
 + Level 1.6 Stealth
 + Level 6.7 Shields
 + Level 1.6 Unarmed Combat
 + Level 1.6 Spellcasting
 + Level 1.2 Conjurations
 + Level 1.2 Hexes
 + Level 1.2 Summonings
 + Level 1.2 Necromancy
 + Level 1.2 Translocations
 + Level 1.2 Transmutations
 + Level 1.2 Fire Magic
 + Level 1.2 Ice Magic
 + Level 1.2 Air Magic
 + Level 1.2 Earth Magic
 + Level 1.2 Poison Magic
 + Level 1.8 Invocations
 + Level 1.6 Evocations


You had 7 spell levels left.
You didn't know any spells.
Your spell library was empty.

Dungeon Overview and Level Annotations

Branches:
Dungeon (3/15)

Altars:


Innate Abilities, Weirdness & Mutations

You have very sharp teeth.
Your uncanny sense of smell can sniff out nearby items.
Your experience applies equally to all skills.


Message History

The orc priest completely misses you.
You hit the orc priest but do no damage.
You bite the orc priest, but do no damage.
The orc priest is moderately wounded.
You barely miss the orc wizard.
The orc wizard hits you but does no damage.
The orc priest hits you with a +0 flail.
You catch the helpless orc priest completely off-guard!
You slash the orc priest!
The orc priest is severely wounded.
You hit the orc wizard.
The orc wizard gestures at you while chanting.
You are confused.
The orc priest calls down the wrath of Beogh upon you.
Pain shoots through your body!
* * * LOW HITPOINT WARNING * * *
The orc priest hits you with a +0 flail!
* * * LOW HITPOINT WARNING * * *
The orc wizard hits you with a +0 dagger.
* * * LOW HITPOINT WARNING * * *
You bump into the rock wall.
The orc wizard points at you and mumbles some strange words.
The puff of flame misses you.
The orc priest hits you with a +0 flail.
* * * LOW HITPOINT WARNING * * *
Okay, then.
You hit the orc priest.
The orc priest is almost dead.
You miss the orc wizard. The orc wizard closely misses you.
The orc priest closely misses you.
You're too confused to move!
You flicker back into view.
The orc wizard closely misses you.
The orc priest hits you but does no damage.
You barely miss the orc priest.
The orc priest is almost dead.
You slash the orc wizard!
You kill the orc wizard!
The orc priest hits you with a +0 flail.
You die...

∆ ##### ..# #...# ..#
#...# # ..# .# ..#
#...# ##..# ..#
..##..#.##..)##.....#
..#
......#.##..@o......#
..#
........>...)##....:#
..# #............#
....#
..###.....#.##...# ...#
..........#.##...# ..#
..........#.##...#####
.#
......###.#.##.........
#
#####...........#######
#####.#.#.#.##.[#


You could see an orc priest.

Vanquished Creatures
  Natasha (thrice) (D:2)
  An orc wizard (D:3)
  Robin (D:3)
  An adder (D:2)
  A gnoll (D:1)
  A worm (D:2)
  2 dart slugs
  3 orcs (D:3)
  2 endoplasms (D:2)
  2 giant cockroaches
  11 goblins
  6 hobgoblins
  3 jackals (D:1)
  3 kobolds
  A quokka (D:2)
  3 ball pythons (D:1)
  10 bats
  A frilled lizard (D:1)
  3 rats
58 creatures vanquished.

Notes
Turn   | Place    | Note
-------+----------+-------------------------------------------
     0 | D:1      | retardedninja the Gnoll Fighter began the quest for the
                  | Orb.
     0 | D:1      | Reached XP level 1. HP: 23/23 MP: 1/1
   230 | D:1      | Reached XP level 2. HP: 29/29 MP: 2/2
   468 | D:1      | Found Wutyv's Jewellery Emporium.
   525 | D:1      | Reached XP level 3. HP: 26/35 MP: 2/4
   556 | D:1      | Reached skill level 1 in Invocations
   810 | D:2      | Noticed Natasha
   817 | D:2      | HP: 1/35 [Natasha (5)]
   822 | D:2      | Killed Natasha
   823 | D:2      | Reached skill level 1 in Short Blades
   823 | D:2      | Reached skill level 1 in Long Blades
   823 | D:2      | Reached skill level 1 in Maces & Flails
   823 | D:2      | Reached skill level 1 in Polearms
   823 | D:2      | Reached skill level 1 in Staves
   823 | D:2      | Reached skill level 1 in Ranged Weapons
   823 | D:2      | Reached skill level 1 in Throwing
   823 | D:2      | Reached skill level 1 in Dodging
   823 | D:2      | Reached skill level 1 in Stealth
   823 | D:2      | Reached skill level 1 in Unarmed Combat
   823 | D:2      | Reached skill level 1 in Spellcasting
   823 | D:2      | Reached skill level 1 in Evocations
   823 | D:2      | Reached XP level 4. HP: 2/41 MP: 5/5
  1212 | D:2      | Noticed Natasha
  1222 | D:2      | Killed Natasha
  1223 | D:2      | Reached skill level 1 in Conjurations
  1223 | D:2      | Reached skill level 1 in Hexes
  1223 | D:2      | Reached skill level 1 in Summonings
  1223 | D:2      | Reached skill level 1 in Necromancy
  1223 | D:2      | Reached skill level 1 in Translocations
  1223 | D:2      | Reached skill level 1 in Transmutations
  1223 | D:2      | Reached skill level 1 in Fire Magic
  1223 | D:2      | Reached skill level 1 in Ice Magic
  1223 | D:2      | Reached skill level 1 in Air Magic
  1223 | D:2      | Reached skill level 1 in Earth Magic
  1223 | D:2      | Reached skill level 1 in Poison Magic
  1531 | D:2      | Noticed Natasha
  1535 | D:2      | Killed Natasha
  1536 | D:2      | Reached XP level 5. HP: 35/47 MP: 7/7
  1771 | D:3      | Identified the +11 spear of Duoboh {protect, rN+ rCorr}
  1933 | D:3      | Noticed Robin
  1939 | D:3      | Killed Robin
  2157 | D:3      | Slain by an orc priest

Illustrated notes

Levels and vault maps discovered:
D:1:      dpeg_arrival_stone_temple_mockup, layout_loops_ring, serial_shops,
          shop, chequers_jeans, grunt_decor_mini_mirrors,
          wander_ebering_terrifying_dragon_lair
D:2:      layout_rooms, chequers_serial_rivers_micro_d, uniq_natasha
D:3:      layout_basic, portal_sewer_entry_a, serial_shops, shop, uniq_robin

Skill      XL: |  1  2  3  4 |
---------------+-------------+-----
Invocations    | 1 |  1.8
Short Blades   | 1 |  1.6
Long Blades    | 1 |  1.6
Maces & Flails | 1 |  1.6
Polearms       | 1 |  1.6
Staves         | 1 |  1.6
Ranged Weapons | 1 |  1.6
Throwing       | 1 |  1.6
Dodging        | 1 |  1.6
Stealth        | 1 |  1.6
Unarmed Combat | 1 |  1.6
Spellcasting   | 1 |  1.6
Evocations     | 1 |  1.6
Conjurations   | 1 |  1.2
Hexes          | 1 |  1.2
Summonings     | 1 |  1.2
Necromancy     | 1 |  1.2
Translocations | 1 |  1.2
Transmutations | 1 |  1.2
Fire Magic     | 1 |  1.2
Ice Magic      | 1 |  1.2
Air Magic      | 1 |  1.2
Earth Magic    | 1 |  1.2
Poison Magic   | 1 |  1.2
Fighting       | |  6.7
Axes           | |  4.8
Armour         | |  6.7
Shields        | |  6.7

Action                     |  1- 3 |  4- 6 || total
---------------------------+-------+-------++-------
  Melee: War axe           |    67 |    95 ||   162
         Bite              |     6 |     9 ||    15
    Use: Potion            |     2 |     2 ||     4
   Stab: Invisible         |       |     3 ||     3
 Armour: Scale mail        |    25 |    45 ||    70
  Dodge: Dodged            |    38 |    45 ||    83
  Block: Buckler           |    22 |    34 ||    56

Table legend: (Time is in decaauts)
 A = Elapsed time spent in this place.
 B = Non-inter-level travel time spent in this place.
 C = Inter-level travel time spent in this place.
 D = Time resting spent in this place.
 E = Time spent auto-exploring this place.
 F = Levels seen in this place.
 G = Mean time per level.
                   A        B        C        D        E       F      G
               +--------+--------+--------+--------+--------+-----+--------+
         Total |   2213 |   2181 |     32 |    376 |   1409 |   3 |  737.7 |
       Dungeon |   2213 |   2181 |     32 |    376 |   1409 |   3 |  737.7 |
               +--------+--------+--------+--------+--------+-----+--------+

Top non-repeatable levels by time:
     D:2: 962 daAuts
     D:1: 823 daAuts
     D:3: 426 daAuts
